 Dungeon Crawl Stone Soup version 0.29-a0-416-g83a48905f1 (webtiles) character file.

Game seed: 14009644831308102281

2 siradein the Magician (level 1, 0/10 HPs)
             Began as a Deep Elf Air Elementalist on May 17, 2022.
             Slain by a gnoll
             ... wielding a +0 spear
              (5 damage)
             ... on level 1 of the Dungeon.
             The game lasted 00:00:18 (52 turns).

siradein the Magician (Deep Elf Air Elementalist)     Turns: 52, Time: 00:00:18

Health: 0/10       AC:  2    Str:  5    XL:     1   Next: 33%
Magic:  3/6        EV: 12    Int: 19    God:
Gold:   0          SH:  0    Dex: 15    Spells: 5/6 levels left

rFire   . . .      SeeInvis .   (no weapon)
rCold   . . .      Faith    .   (no shield)
rNeg    . . .      Spirit   .   a - +0 robe
rPois   .          Reflect  .   (no helmet)
rElec   .          Harm     .   (no cloak)
rCorr   .          Rampage  .   (no gloves)
Will    .....                   (no boots)
Stlth   ++........              (no amulet)
HPRegen 0.03/turn               (no ring)
MPRegen 0.10/turn               (no ring)

@: no status effects
A: no striking features
a: no special abilities


You were on level 1 of the Dungeon.
You visited 1 branch of the dungeon, and saw 1 of its levels.

Inventory:

Armour
 a - a +0 robe (worn)
Potions
 b - a potion of magic


   Skills:
 - Level 2.4 Dodging
 - Level 2.4 Stealth
 + Level 3.1 Spellcasting
 + Level 1.2 Conjurations
 + Level 3.0 Air Magic


You had 5 spell levels left.
You knew the following spells:

 Your Spells              Type           Power      Damage    Failure   Level
a - Shock                 Conj/Air       44%        1d5       6%          1

Your spell library contained the following spells:

 Spells                   Type           Power      Damage    Failure   Level
 Static Discharge         Conj/Air       11%        N/A       10%         2
 Swiftness                Air            14%        N/A       13%         3
 Airstrike                Air            7%         N/A       38%         4


Dungeon Overview and Level Annotations

Branches:
Dungeon (1/15)

Altars:


Message History

Welcome, siradein the Deep Elf Air Elementalist.
Everyone else who sought the Orb of Zot has failed.
Will you be different?
Press ? for a list of commands and other information.
Found an escape hatch in the floor.
Found a staircase leading out of the dungeon.
There is a dry fountain, spattered with blood here.
Found a glowing kite shield.
An endoplasm comes into view.
An endoplasm is nearby!
An endoplasm is nearby!
You miscast Shock.
You are very lightly contaminated with residual magic.
Nothing appears to happen.
The zap hits the endoplasm.
The endoplasm is almost dead.
The endoplasm quivers.
The zap hits the endoplasm.
You kill the endoplasm!
Your magical contamination has completely faded away.
Magic restored.
A hobgoblin comes into view.
The hobgoblin shouts!
The zap misses the hobgoblin.
The zap hits the hobgoblin.
The hobgoblin is almost dead.
The hobgoblin hits you.
Ouch! That really hurt!
You are too injured to fight recklessly!
Casting: Shock (safe; 6% risk of failure)
Confirm with . or Enter, or press ? or * to list all spells.
Aiming: Shock (safe; 6% risk of failure)
Press: ? - help, Shift-Dir - straight line, f/p - hobgoblin
Aim: a hobgoblin (almost dead, 68% to hit)
The zap hits the hobgoblin.
You kill the hobgoblin!
A gnoll comes into view. It is wielding a +0 spear.
The gnoll hits you from afar with a +0 spear.
Ouch! That really hurt!
You die...

#..# ...# #...#
.. ## #...##.#
#. .......# #.
#g....##
#.#.#.###..[....
#.....†.@.#.#
###...#.....#
#####.....#
#....###
#.##...##
#.##..#.#
#....##.##
########.#
######.##


You could see a gnoll.

Vanquished Creatures
  An endoplasm (D:1)
  A hobgoblin (D:1)
2 creatures vanquished.

Notes
Turn   | Place    | Note
-------+----------+-------------------------------------------
     0 | D:1      | siradein the Deep Elf Air Elementalist began the quest for
                  | the Orb.
     0 | D:1      | Reached XP level 1. HP: 10/10 MP: 6/6
    52 | D:1      | Slain by a gnoll

Illustrated notes

Levels and vault maps discovered:
D:1:      amcnicky_arrival_gap_in_the_tavern_cellar, layout_loops_corners,
          hellmonk_ecumenical_altar_leap_of_faith, minmay_large_rounded_square

Action                   || total
-------------------------++-------
 Cast: Shock             ||     5

Table legend: (Time is in decaauts)
 A = Elapsed time spent in this place.
 B = Non-inter-level travel time spent in this place.
 C = Inter-level travel time spent in this place.
 D = Time resting spent in this place.
 E = Time spent auto-exploring this place.
 F = Levels seen in this place.
 G = Mean time per level.
                   A        B        C        D        E       F      G
               +--------+--------+--------+--------+--------+-----+--------+
         Total |     52 |     52 |      0 |      0 |     41 |   1 |   52.0 |
       Dungeon |     52 |     52 |      0 |      0 |     41 |   1 |   52.0 |
               +--------+--------+--------+--------+--------+-----+--------+

Top non-repeatable levels by time:
     D:1: 52 daAuts
